 Dungeon Crawl Stone Soup version 0.22-a0-402-ga933591 (webtiles) character file.

161 emperorscorpion the Chopper (level 5, 0/47 HPs)
             Began as a Gnoll Berserker on May 7, 2018.
             Was a Believer of Trog.
             Slain by an orc
             ... wielding a +1 dagger of speed
              (5 damage)
             ... on level 3 of the Dungeon.
             The game lasted 00:03:05 (2231 turns).

emperorscorpion the Chopper (Gnoll Berserker)       Turns: 2231, Time: 00:03:06

Health: 0/47       AC:  3    Str: 20    XL:     5   Next: 42%
Magic:  7/7        EV: 14    Int: 10    God:    Trog [**....]
Gold:   105        SH:  0    Dex: 14    Spells: 6/6 levels left

rFire    . . .     SeeInvis .   a - +0 hand axe
rCold    . . .     Gourm    .   (no shield)
rNeg     . . .     Faith    .   b - +0 animal skin
rPois    .         Spirit   .   l - +0 helmet
rElec    .         Reflect  .   (no cloak)
rCorr    .         Harm     .   (no gloves)
MR       .....                  (no boots)
Stlth    ++........             p - amulet of magic regeneration
HPRegen  0.15/turn              (no ring)
MPRegen  0.35/turn              (no ring)

@: berserk cooldown, slowed, very slow
A: distributed training, fangs 1, strong nose
a: Berserk, Trog's Hand, Renounce Religion


You were on level 3 of the Dungeon.
You worshipped Trog.
Trog was pleased with you.
You were very hungry.

You visited 1 branch of the dungeon, and saw 3 of its levels.

You collected 105 gold pieces.

Inventory:

Hand Weapons
 a - a +0 hand axe (weapon)
 o - a +0 trident
Missiles
 j - 12 poisoned needles
Armour
 b - a +0 animal skin (worn)
 l - a +0 helmet (worn)
Jewellery
 p - an amulet of magic regeneration (around neck)
Scrolls
 f - 2 scrolls of teleportation
 g - a scroll of identify {unknown}
 i - 2 scrolls of enchant armour {unknown}
 k - a scroll of immolation {unknown}
 m - a scroll of enchant weapon {unknown}
 q - a scroll of amnesia {unknown}
Potions
 h - 2 potions of haste
Comestibles
 c - 3 rations
 n - 9 chunks of flesh


   Skills:
 + Level 6.7 Fighting
 + Level 1.4 Short Blades
 + Level 1.4 Long Blades
 + Level 6.7 Axes
 + Level 1.4 Maces & Flails
 + Level 1.4 Polearms
 + Level 1.4 Staves
 + Level 1.4 Slings
 + Level 1.4 Bows
 + Level 1.4 Crossbows
 + Level 1.4 Throwing
 + Level 4.8 Armour
 + Level 4.8 Dodging
 + Level 1.4 Stealth
 + Level 1.4 Shields
 + Level 1.4 Unarmed Combat
 + Level 1.4 Spellcasting
 + Level 1.1 Conjurations
 + Level 1.1 Hexes
 + Level 1.1 Charms
 + Level 1.1 Summonings
 + Level 1.1 Necromancy
 + Level 1.1 Translocations
 + Level 1.1 Transmutations
 + Level 1.1 Fire Magic
 + Level 1.1 Ice Magic
 + Level 1.1 Air Magic
 + Level 1.1 Earth Magic
 + Level 1.1 Poison Magic
 + Level 1.6 Invocations
 + Level 1.4 Evocations


You had 6 spell levels left.
You didn't know any spells.

Dungeon Overview and Level Annotations

Branches:
Dungeon (3/15)

Altars:
Cheibriados
Wu Jian

Annotations:
D:3 Natasha; zero's ghost, amateur TrEE


Innate Abilities, Weirdness & Mutations

Your experience applies equally to all skills.
You have very sharp teeth.
Your uncanny sense of smell can sniff out nearby items.


Message History

The adder closely misses you.
Found a leather armour.
You feel sick. The hobgoblin barely misses you. The rat barely misses you.
The adder misses you. The orc completely misses you. The hobgoblin hits you. x2
The adder closely misses you.
An orc comes into view. It is wielding a dagger of speed.
The adder bites you.
You feel sick. The orc hits you with a short sword.
* * * LOW HITPOINT WARNING * * *
The orc hits you.
* * * LOW HITPOINT WARNING * * *
The orc hits you with a short sword.
* * * LOW HITPOINT WARNING * * *
Unknown command.
You feel sick.
You are no longer poisoned.
The orc hits you but does no damage.
The orc hits you with a dagger of speed.
You die...

#
##.....)..........
#
#.................
#
#.................
# ∆
#og.....§($≈......
# #oro.....##.. #
#...?....## #
#wSo....§.. #
#ooo....... #
#[.@....... #
##......... #
##........ #
##....... #
#...... ####
#..... ..<# ###++
...# ...#


You could see a worm, an adder, 7 orcs, a hobgoblin and a rat.

Vanquished Creatures
  Terence (D:2)
  2 gnolls (D:2)
  4 adders (D:2)
  2 oozes (D:1)
  2 worms (D:2)
  3 dart slugs
  A leopard gecko (D:2)
  7 bats
  2 giant cockroaches
  8 hobgoblins
  4 jackals (D:2)
  A quokka (D:2)
  2 frilled lizards (D:2)
  10 goblins
  3 kobolds
  6 rats
58 creatures vanquished.

Notes
Turn   | Place    | Note
-------+----------+-------------------------------------------
     0 | D:1      | emperorscorpion the Gnoll Berserker began the quest for the Orb.
     0 | D:1      | Reached XP level 1. HP: 23/23 MP: 1/1
   224 | D:1      | Reached XP level 2. HP: 29/29 MP: 2/2
   400 | D:1      | Reached XP level 3. HP: 21/35 MP: 3/3
   956 | D:2      | Reached skill level 1 in Invocations
  1388 | D:2      | Found an ornate altar of the Wu Jian Council.
  1422 | D:2      | Reached skill level 1 in Short Blades
  1422 | D:2      | Reached skill level 1 in Long Blades
  1422 | D:2      | Reached skill level 1 in Maces & Flails
  1422 | D:2      | Reached skill level 1 in Polearms
  1422 | D:2      | Reached skill level 1 in Staves
  1422 | D:2      | Reached skill level 1 in Slings
  1422 | D:2      | Reached skill level 1 in Bows
  1422 | D:2      | Reached skill level 1 in Crossbows
  1422 | D:2      | Reached skill level 1 in Throwing
  1422 | D:2      | Reached skill level 1 in Stealth
  1422 | D:2      | Reached skill level 1 in Shields
  1422 | D:2      | Reached skill level 1 in Unarmed Combat
  1422 | D:2      | Reached skill level 1 in Spellcasting
  1422 | D:2      | Reached skill level 1 in Evocations
  1474 | D:2      | Reached ** piety under Trog
  1490 | D:2      | Reached XP level 4. HP: 41/41 MP: 5/5
  1537 | D:2      | Noticed Terence
  1545 | D:2      | Killed Terence
  1551 | D:2      | Reached skill level 1 in Conjurations
  1551 | D:2      | Reached skill level 1 in Hexes
  1551 | D:2      | Reached skill level 1 in Charms
  1551 | D:2      | Reached skill level 1 in Summonings
  1551 | D:2      | Reached skill level 1 in Necromancy
  1551 | D:2      | Reached skill level 1 in Translocations
  1551 | D:2      | Reached skill level 1 in Transmutations
  1551 | D:2      | Reached skill level 1 in Fire Magic
  1551 | D:2      | Reached skill level 1 in Ice Magic
  1551 | D:2      | Reached skill level 1 in Air Magic
  1551 | D:2      | Reached skill level 1 in Earth Magic
  1551 | D:2      | Reached skill level 1 in Poison Magic
  1703 | D:2      | Reached XP level 5. HP: 45/47 MP: 6/6
  2207 | D:3      | Found a snail-covered altar of Cheibriados.
  2209 | D:3      | Noticed zero's ghost (amateur TrEE)
  2223 | D:3      | Noticed Natasha
  2231 | D:3      | Slain by an orc

Vault maps used:
D:1:      shiori_arrival_whats_in_store_for_you
D:2:      kennysheep_the_goblin_king, lemuel_doored_altar,
          hangedman_abyss_or_decor_stabs, glass_columns_c, uniq_terence
D:3:      kennysheep_big_flooded_room, lemuel_crystal_altar, uniq_natasha

Skill      XL: |  1  2  3  4 |
---------------+-------------+-----
Invocations    | 1 |  1.6
Short Blades   | 1 |  1.4
Long Blades    | 1 |  1.4
Maces & Flails | 1 |  1.4
Polearms       | 1 |  1.4
Staves         | 1 |  1.4
Slings         | 1 |  1.4
Bows           | 1 |  1.4
Crossbows      | 1 |  1.4
Throwing       | 1 |  1.4
Stealth        | 1 |  1.4
Shields        | 1 |  1.4
Unarmed Combat | 1 |  1.4
Spellcasting   | 1 |  1.4
Evocations     | 1 |  1.4
Conjurations   | 1 |  1.1
Hexes          | 1 |  1.1
Charms         | 1 |  1.1
Summonings     | 1 |  1.1
Necromancy     | 1 |  1.1
Translocations | 1 |  1.1
Transmutations | 1 |  1.1
Fire Magic     | 1 |  1.1
Ice Magic      | 1 |  1.1
Air Magic      | 1 |  1.1
Earth Magic    | 1 |  1.1
Poison Magic   | 1 |  1.1
Fighting       | |  6.7
Axes           | |  6.7
Armour         | |  4.8
Dodging        | |  4.8

Action                   |  1- 3 |  4- 6 || total
-------------------------+-------+-------++-------
Melee: Hand axe          |    82 |    54 ||   136
       Bite              |     3 |     4 ||     7
       Punch             |       |     1 ||     1
Invok: Berserk           |     1 |     3 ||     4
  Use: Potion            |       |     4 ||     4
       Scroll            |       |     1 ||     1
 Stab: Sleeping          |     2 |       ||     2
  Eat: Chunk             |     2 |     4 ||     6
Armor: Animal skin       |     8 |    17 ||    25
Dodge: Dodged            |    56 |    54 ||   110

Table legend:
 A = Spawn XP
 B = Non-spawn XP
 C = Spawn XP percentage of total XP
 D = Spawn monster count
 E = Non-spawn monster count
 F = Spawn count percentage of total count
 G = Total turns spent on level
                    A         B        C        D         E        F      G
               +---------+---------+-------+---------+---------+-------+---------
         Total |       0 |     230 |   0.0 |       0 |      58 |   0.0 |  2231
               +---------+---------+-------+---------+---------+-------+---------
           D:1 |       0 |      45 |   0.0 |       0 |      20 |   0.0 |   940
           D:2 |       0 |     183 |   0.0 |       0 |      37 |   0.0 |  1211
           D:3 |       0 |       2 |   0.0 |       0 |       1 |   0.0 |    80
               +---------+---------+-------+---------+---------+-------+---------
